 Dungeon Crawl Stone Soup version 0.22.1-1-ga44c0e5 (webtiles) character file.

41606 Markonkel the Cleaver (level 13, -1/124 HPs)
             Began as a Minotaur Berserker on Sept 24, 2018.
             Was an Elder of Trog.
             Slain by a phantasmal warrior (13 damage)
             ... led by a death knight
             ... on level 15 of the Dungeon.
             The game lasted 01:10:56 (18934 turns).

Markonkel the Cleaver (Minotaur Berserker)         Turns: 18934, Time: 01:10:56

Health: -1/124     AC: 30    Str: 25    XL:     13   Next: 80%
Magic:  15/15      EV: 13    Int:  4    God:    Trog [****..]
Gold:   1373       SH:  0    Dex: 12    Spells: 12/12 levels left

rFire    + . .     SeeInvis +   a - +6 battleaxe (elec)
rCold    + . .     Gourm    .   (shield currently unavailable)
rNeg     . . .     Faith    .   d - +3 plate armour {rPois} {rPois}
rPois    +         Spirit   .   (helmet restricted)
rElec    .         Reflect  .   R - +0 cloak {MR+} {MR+}
rCorr    .         Harm     .   Y - +0 pair of gloves of the Hanged Man {rPois rF+ rC+ SInv}
MR       ++...                  G - +2 pair of boots
Stlth    ..........             (no amulet)
HPRegen  0.30/turn              U - +4 ring of protection
MPRegen  0.14/turn              m - ring of protection from magic

@: about to teleport, starving
A: retaliatory headbutt, horns 2
a: Berserk, Trog's Hand, Brothers in Arms, Renounce Religion


You were on level 15 of the Dungeon.
You worshipped Trog.
Trog was greatly pleased with you.
You were starving.

You visited 2 branches of the dungeon, and saw 18 of its levels.
You also visited: Labyrinth and Bailey.

You collected 1373 gold pieces.

Inventory:

Hand Weapons
 a - a +6 battleaxe of electrocution (weapon)
 b - a +3 vampiric broad axe {!w}
Missiles
 p - 29 tomahawks of returning
 u - 2 silver tomahawks
 w - 2 javelins
 y - 3 poisoned tomahawks
 E - 6 tomahawks
 F - 2 throwing nets {=f}
 Q - 555 stones (quivered)
 T - 18 javelins of penetration
 X - 8 curare-tipped needles
Armour
 d - a +3 plate armour of poison resistance (worn) {rPois}
 G - a +2 pair of boots (worn)
 R - a +0 cloak of magic resistance (worn) {MR+}
 W - a +0 plate armour
 Y - the +0 pair of gloves of the Hanged Man (worn) {rPois rF+ rC+ SInv}
   (You found it on level 14 of the Dungeon)

   It protects you from fire.
   It protects you from cold.
   It protects you from poison.
   It lets you see invisible.
Jewellery
 m - a ring of protection from magic (right hand)
 N - an uncursed ring of positive energy {rN+}
 O - an uncursed ring of magical power {MP+9}
 S - an uncursed ring of see invisible
 U - a +4 ring of protection (left hand)
Wands
 o - a wand of disintegration (9)
 v - a wand of scattershot (6)
 x - a wand of polymorph (23)
 D - a wand of digging (10)
 K - a wand of enslavement (44)
 M - a wand of clouds (8)
 P - a wand of paralysis (24)
 V - a wand of iceblast (6)
Scrolls
 c - 2 scrolls of enchant armour
 f - 4 scrolls of fog
 g - a scroll of fear
 i - a scroll of identify
 r - a scroll of magic mapping {!r}
 t - 10 scrolls of teleportation
 B - a scroll of blinking {!r}
 C - 6 scrolls of remove curse
 J - a scroll of brand weapon
 L - a scroll of immolation {!r}
Potions
 j - 2 potions of invisibility
 k - 4 potions of flight
 l - 2 potions of heal wounds
 q - 9 potions of curing
 s - 4 potions of agility
 z - 2 potions of ambrosia
 A - 4 potions of brilliance
 H - 2 potions of berserk rage {!q}
Miscellaneous
 n - a phial of floods
Comestibles
 e - 31 rations


   Skills:
 + Level 14.0 Fighting
 + Level 14.1 Axes
 + Level 13.9 Armour
 + Level 12.8 Dodging
 - Level 5.0 Evocations


You had 12 spell levels left.
You didn't know any spells.
Your spell library was empty.

Dungeon Overview and Level Annotations

Branches:
Dungeon (15/15)            Temple (0/1) D:6            Lair (3/6) D:8
 Shoals (0/4) Lair:3          Orc (0/2) D:12         Vaults (0/5) D:14
 Depths (0/5) D:15
  Snake: Lair:2-4    Spider: Lair:2-4

Altars:
Dithmenos
Elyvilon
Okawaru
Qazlal
Ru
Trog
Wu Jian

Annotations:
Lair:3 exclusion: 2 oklob plants


Innate Abilities, Weirdness & Mutations

You reflexively headbutt those who attack you in melee.
You have a pair of horns on your head.


Message History

* * * LOW HITPOINT WARNING * * *
The purple ugly thing stings you but does no damage.
The phantasmal warrior hits you!!
* * * LOW HITPOINT WARNING * * *
You take 23 damage, and have 18/124 hp.
As you read the scroll of teleportation, it crumbles to dust.
You feel strangely unstable.
The eight-headed hydra barely misses you.
You furiously retaliate!
You headbutt the eight-headed hydra!
The eight-headed hydra barely misses you.
The eight-headed hydra bites you but does no damage.
The eight-headed hydra bites you.
* * * LOW HITPOINT WARNING * * *
The eight-headed hydra bites you.
* * * LOW HITPOINT WARNING * * *
The eight-headed hydra bites you but does no damage. x2
The eight-headed hydra misses you.
The purple ugly thing stings you but does no damage.
The phantasmal warrior hits you!
You die...

########################*********
.........ue..u.u@WWp....,,,,,,,,,
*#........###..D##..W.W.,*,,,,,,*
##........###uu.##..#...,*,,,,,,*
.....e.u.D........ยง...,.,,,,,,,,,
.#######+##############,,,,*****+
/#,,,,,,,,,,,,,,,,,,,,+,**,*,,,,,
u#,,,,,,,,,,,,,,,,,,,,*,**,*,,,,,
D########**********+***,,,,*,,***
.........,,,,****,,,,,,,,,,*,,*,,


You could see a death knight, an eight-headed hydra, 5 ugly things, a phantasmal
warrior, a freezing wraith, a deep elf mage and 2 wraiths.

Vault maps used:
D:1:      dpeg_arrival_snail
D:2:      wad_woods_stonehenge, first_ration, grunt_dithmenos_smoke_and_mirrors,
          uniq_terence
D:3:      lemuel_coloured_pillars_altar
D:4:      mrwooster_statue_mirror, minmay_misc_feat_iff, serial_bayou_lagoon_a
D:5:      due_unseen_surprise
D:6:      temple_statues, nicolae_qazlal_general_emergency
D:7:      uniq_joseph
D:8:      kennysheep_six_static_rooms, lair_entry_dummy,
          hangedman_pestilent_swarm
D:9:      uniq_maurice
D:12:     orc_0_dummy, enter_bailey_3, elyvilon_altar_1
D:13:     okawaru_ov_weapons_minmay
D:14:     grunt_vaults_entry_tiered, roderic_lattice_octagonal_star
D:15:     grunt_enter_depths_snipers, nicolae_ru_awakened_eye,
          lab_entry_generic, uniq_rupert
Lair:1:   grunt_megastairs_2
Lair:2:   uniq_erica
Lair:3:   dpeg_oklob_gauntlet, minmay_shoals_entry_beasts, lemuel_fruit_tree,
          uniq_snorg
Lab:      labyrinth_mini_lab
Bailey:   bailey_axe_4, bailey

Notes
Turn   | Place    | Note
-------+----------+-------------------------------------------
     0 | D:1      | Markonkel the Minotaur Berserker began the quest for the
                  | Orb.
     0 | D:1      | Reached XP level 1. HP: 19/19 MP: 0/0
    78 | D:1      | Identified a +0 ring mail (You found it on level 1 of the
                  | Dungeon)
   205 | D:1      | Reached XP level 2. HP: 27/27 MP: 1/1
   252 | D:1      | Identified a cursed +0 ring mail (You found it on level 1
                  | of the Dungeon)
   252 | D:1      | Identified a scroll of magic mapping
   253 | D:1      | Identified a scroll of identify
   253 | D:1      | Identified a ring of dexterity (You found it on level 1 of
                  | the Dungeon)
   255 | D:1      | Identified a ring of attention (You found it on level 1 of
                  | the Dungeon)
   280 | D:1      | Identified a scroll of teleportation
   542 | D:2      | Reached skill level 4 in Axes
   542 | D:2      | Reached skill level 3 in Armour
   549 | D:2      | Reached skill level 4 in Fighting
   681 | D:2      | Reached XP level 3. HP: 31/33 MP: 2/2
   725 | D:2      | Reached ** piety under Trog
   916 | D:2      | Identified a scroll of immolation
   917 | D:2      | Identified a scroll of remove curse
   921 | D:2      | Identified a +0 hand axe
   925 | D:2      | Identified a scroll of enchant armour
   926 | D:2      | Identified a scroll of noise
  1005 | D:2      | Found a shadowy altar of Dithmenos.
  1048 | D:2      | Noticed Terence
  1095 | D:2      | Reached skill level 3 in Dodging
  1099 | D:2      | HP: 12/49 [Terence/flail of protection (8)]
  1100 | D:2      | Reached XP level 4. HP: 15/40 MP: 3/3
  1101 | D:2      | Killed Terence
  1360 | D:2      | Found a bloodstained altar of Trog.
  1925 | D:2      | Identified a +2 pair of boots (You found it on level 2 of
                  | the Dungeon)
  2136 | D:3      | Reached XP level 5. HP: 47/47 MP: 4/4
  2159 | D:3      | Reached skill level 5 in Axes
  2159 | D:3      | Reached skill level 4 in Armour
  2160 | D:3      | Reached skill level 5 in Fighting
  2161 | D:3      | Reached skill level 4 in Dodging
  2161 | D:3      | Reached XP level 6. HP: 56/56 MP: 5/5
  2232 | D:3      | Reached *** piety under Trog
  2514 | D:3      | Found an ornate altar of the Wu Jian Council.
  2604 | D:3      | Identified a +2 trident (You took it off a wight on level 3
                  | of the Dungeon)
  2937 | D:4      | Reached skill level 5 in Armour
  2937 | D:4      | Reached XP level 7. HP: 42/62 MP: 6/6
  3099 | D:4      | Reached skill level 6 in Axes
  3213 | D:4      | Reached skill level 6 in Fighting
  3795 | D:4      | Identified a +0 war axe (You took it off an orc on level 4
                  | of the Dungeon)
  3811 | D:5      | Entered Level 5 of the Dungeon
  3910 | D:5      | Reached skill level 5 in Dodging
  4312 | D:5      | Identified a +2 battleaxe of electrocution (You found it on
                  | level 5 of the Dungeon)
  4417 | D:5      | Reached skill level 6 in Armour
  4417 | D:5      | Reached XP level 8. HP: 55/71 MP: 7/7
  4960 | D:5      | Identified a +0 cloak (You found it on level 5 of the
                  | Dungeon)
  5082 | D:6      | Found a stormy altar of Qazlal.
  5180 | D:6      | Reached skill level 7 in Fighting
  5180 | D:6      | Reached skill level 7 in Axes
  5300 | D:6      | Reached skill level 6 in Dodging
  5335 | D:6      | Found a staircase to the Ecumenical Temple.
  5374 | D:6      | Reached **** piety under Trog
  5724 | D:6      | Identified 3 potions of agility
  5725 | D:6      | Identified 3 potions of invisibility
  5726 | D:6      | Identified 6 potions of curing
  5727 | D:6      | Identified 2 potions of berserk rage
  5728 | D:6      | Identified 2 potions of brilliance
  5729 | D:6      | Identified 2 potions of degeneration
  5730 | D:6      | Identified 3 scrolls of enchant weapon
  5731 | D:6      | Identified 2 scrolls of fear
  5736 | D:6      | Identified a ring of see invisible (You took it off a
                  | goblin on level 2 of the Dungeon)
  5738 | D:6      | Identified a ring of fire (You found it on level 4 of the
                  | Dungeon)
  5869 | D:7      | Reached skill level 7 in Armour
  5907 | D:7      | Reached skill level 8 in Axes
  5907 | D:7      | Reached XP level 9. HP: 74/81 MP: 8/8
  5908 | D:7      | Reached skill level 8 in Fighting
  6006 | D:7      | Noticed a manticore
  6014 | D:7      | Killed a manticore
  6014 | D:7      | Reached skill level 7 in Dodging
  6211 | D:7      | Reached skill level 8 in Armour
  6419 | D:7      | Noticed Joseph
  6425 | D:7      | Killed Joseph
  6550 | D:7      | Identified a +0 plate armour (You found it on level 7 of
                  | the Dungeon)
  6614 | D:8      | Reached skill level 9 in Fighting
  6614 | D:8      | Reached skill level 9 in Axes
  6865 | D:8      | Reached skill level 8 in Dodging
  6974 | D:8      | Reached XP level 10. HP: 85/91 MP: 9/9
  6978 | D:8      | Reached skill level 9 in Armour
  7229 | D:8      | Reached ***** piety under Trog
  7289 | D:8      | Noticed a two-headed ogre
  7296 | D:8      | Noticed a two-headed ogre
  7298 | D:8      | Killed a two-headed ogre
  7595 | D:8      | Reached skill level 10 in Axes
  7776 | D:8      | Found a staircase to the Lair.
  7812 | D:8      | Reached skill level 10 in Fighting
  7937 | Lair:1   | Entered Level 1 of the Lair of Beasts
  7937 | Lair:1   | Noticed a spiny frog
  7942 | Lair:1   | Killed a spiny frog
  7942 | Lair:1   | Reached skill level 9 in Dodging
  8333 | Lair:1   | Noticed a spiny frog
  8336 | Lair:1   | Killed a spiny frog
  8336 | Lair:1   | Reached skill level 10 in Armour
  8482 | Lair:1   | Noticed a spiny frog
  8488 | Lair:1   | Killed a spiny frog
  8579 | Lair:1   | Noticed a five-headed hydra
  8583 | Lair:1   | Killed a seven-headed hydra
  9049 | Lair:1   | Noticed a spiny frog
  9054 | Lair:1   | Killed a spiny frog
  9054 | Lair:1   | Reached XP level 11. HP: 95/101 MP: 10/10
  9091 | Lair:1   | Received a gift from Trog
  9375 | Lair:2   | Reached skill level 11 in Axes
  9459 | Lair:2   | Reached skill level 11 in Fighting
  9567 | Lair:2   | Reached skill level 10 in Dodging
  9721 | Lair:2   | HP: 25/102 [poisoned by a black mamba]
  9726 | Lair:2   | HP: 18/102 [poisoned by a black mamba]
  9731 | Lair:2   | HP: 14/102 [poisoned by a black mamba]
  9736 | Lair:2   | HP: 12/102 [poisoned by a black mamba]
  9741 | Lair:2   | HP: 12/102 [poisoned by a black mamba]
  9748 | Lair:2   | HP: 12/102 [poisoned by a black mamba]
 10200 | Lair:2   | Noticed Erica
 10206 | Lair:2   | Killed Erica
 10206 | Lair:2   | Reached skill level 11 in Armour
 11000 | Lair:3   | Received a gift from Trog
 11000 | Lair:3   | Reached skill level 1 in Evocations
 11277 | Lair:3   | Found a staircase to the Shoals.
 11334 | Lair:3   | Reached skill level 12 in Axes
 11667 | Lair:3   | Noticed Snorg
 11676 | Lair:3   | Killed Snorg
 11676 | Lair:3   | Reached skill level 12 in Fighting
 11676 | Lair:3   | Reached skill level 2 in Evocations
 11676 | Lair:3   | Reached XP level 12. HP: 73/112 MP: 12/12
 12631 | D:9      | Reached skill level 11 in Dodging
 12669 | D:9      | Identified a cursed +0 plate armour (You found it on level
                  | 9 of the Dungeon)
 12671 | D:9      | Identified a ring of protection from magic (You found it on
                  | level 8 of the Dungeon)
 12673 | D:9      | Identified a ring of magical power (You found it on level 2
                  | of the Lair of Beasts)
 12675 | D:9      | Identified a ring of positive energy (You found it on level
                  | 2 of the Lair of Beasts)
 12785 | D:9      | Noticed Maurice
 12793 | D:9      | Killed Maurice
 13412 | D:9      | Reached skill level 12 in Armour
 13472 | D:9      | Noticed a two-headed ogre
 13482 | D:9      | Killed a two-headed ogre
 13482 | D:9      | Reached skill level 3 in Evocations
 13810 | D:9      | Identified a +0 cloak of magic resistance (You took it off
                  | Maurice on level 9 of the Dungeon)
 13812 | D:9      | Identified 5 scrolls of amnesia
 13813 | D:9      | Identified 2 scrolls of random uselessness
 13814 | D:9      | Identified 3 scrolls of fog
 13815 | D:9      | Identified a scroll of brand weapon
 13816 | D:9      | Identified a scroll of blinking
 13822 | D:9      | Identified a potion of might
 13823 | D:9      | Identified a potion of lignification
 13824 | D:9      | Identified a potion of resistance
 13825 | D:9      | Identified a potion of magic
 13826 | D:9      | Identified 2 potions of ambrosia
 13827 | D:9      | Identified a potion of flight
 13852 | D:10     | Entered Level 10 of the Dungeon
 13931 | D:10     | Identified a +0 pair of gloves (You found it on level 10 of
                  | the Dungeon)
 14412 | D:10     | Identified a +2 pair of boots (You found it on level 10 of
                  | the Dungeon)
 15162 | D:12     | Found a white marble altar of Elyvilon.
 15387 | D:12     | Noticed a four-headed hydra
 15393 | D:12     | Killed a four-headed hydra
 15413 | D:12     | Found a flagged portal.
 15420 | Bailey   | Entered a bailey
 15631 | Bailey   | Reached skill level 4 in Evocations
 15838 | D:12     | Found a staircase to the Orcish Mines.
 15864 | D:12     | Noticed a two-headed ogre
 15870 | D:12     | Killed a two-headed ogre
 16341 | D:13     | Noticed a death knight
 16344 | D:13     | Found an iron altar of Okawaru.
 16348 | D:13     | Killed a death knight
 16348 | D:13     | Reached skill level 13 in Axes
 16543 | D:13     | Noticed a centaur warrior
 16550 | D:13     | Killed a centaur warrior
 16550 | D:13     | Reached skill level 13 in Fighting
 16553 | D:13     | Reached XP level 13. HP: 122/122 MP: 15/15
 16859 | D:13     | Identified a +0 troll leather armour
 17035 | D:14     | Reached skill level 12 in Dodging
 17035 | D:14     | Reached skill level 5 in Evocations
 17053 | D:14     | Reached skill level 13 in Armour
 17773 | D:14     | Found a gate to the Vaults.
 17779 | D:14     | Got a pair of bloodstained gloves
 18178 | D:14     | Identified the +0 pair of gloves of the Hanged Man {rPois
                  | rF+ rC+ SInv} (You found it on level 14 of the Dungeon)
 18180 | D:14     | Identified a ring of protection (You took it off an orc
                  | warrior on level 14 of the Dungeon)
 18210 | D:15     | Entered Level 15 of the Dungeon
 18211 | D:15     | Identified a scroll of holy word
 18227 | D:15     | Found a labyrinth entrance.
 18240 | Lab      | Entered a labyrinth
 18706 | Lab      | Noticed a minotaur
 18717 | Lab      | Killed a minotaur
 18717 | Lab      | Reached skill level 14 in Axes
 18755 | D:15     | Identified a +3 plate armour of poison resistance (You took
                  | it off a minotaur in a labyrinth)
 18755 | D:15     | Identified a potion of cancellation
 18767 | D:15     | Noticed Rupert
 18780 | D:15     | Killed Rupert
 18780 | D:15     | Reached skill level 14 in Fighting
 18785 | D:15     | Found a sacrificial altar of Ru.
 18795 | D:15     | HP: 19/124 [tengu warrior/halberd (18)]
 18805 | D:15     | HP: 1/124 [tengu warrior/halberd (16)]
 18817 | D:15     | HP: 31/124 [black bear (shapeshifter) (3)]
 18824 | D:15     | HP: 31/124 [black bear (shapeshifter) (2)]
 18866 | D:15     | HP: 24/124 [deep elf mage/bolt of lightning (15)]
 18866 | D:15     | HP: 4/124 [deep elf mage/bolt of lightning (20)]
 18933 | D:15     | HP: 18/124 [phantasmal warrior[a death knight] (20)]
 18934 | D:15     | Slain by a phantasmal warrior

Table legend:
 A = Turns spent in this place as a percentage of turns spent in the entire game.
 B = Non-inter-level travel turns spent in this place as a percentage of non-inter-level travel turns spent in the entire game.
 C = Inter-level travel turns spent in this place as a percentage of turns spent in this place.
 D = Turns resting spent in this place as a percentage of non-inter-level travel turns spent in this place.
 E = Turns spent auto-exploring this place as a percentage of non-inter-level travel turns spent in this place.
 F = Non-inter-level travel turns spent in this place divided by the number of levels of this place that you've seen.
                   A       B       C       D       E      F
               +-------+-------+-------+-------+-------+----------------------
         Total | 100.0 | 100.0 |   4.9 |   2.1 |  77.6 | 900.2
       Dungeon |  71.1 |  70.2 |   6.1 |   3.1 |  78.0 | 842.4
          Lair |  24.4 |  25.1 |   2.3 |   0.0 |  86.9 | 1505.0
     Labyrinth |   2.7 |   2.8 |   0.0 |   0.0 |   0.0 | 504.0
        Bailey |   1.8 |   1.9 |   0.0 |   0.0 |  51.1 | 350.0
               +-------+-------+-------+-------+-------+----------------------

Table legend:
 A = Kills in this place as a percentage of kills in entire the game.
 B = Kills by you in this place as a percentage of kills by you in the entire game.
 C = Kills by friends in this place as a percentage of kills by friends in the entire game.
 D = Other kills in this place as a percentage of other kills in the entire game.
 E = Experience gained in this place as a percentage of experience gained in the entire game.
 F = Experience gained in this place divided by the number of levels of this place that you have seen.
                   A       B       C       D       E      F
               +-------+-------+-------+-------+-------+----------------------
         Total | 100.0 | 100.0 | 100.0 |   N/A | 100.0 | 2971.9
       Dungeon |  82.6 |  82.1 |  92.3 |   N/A |  72.0 | 2853.1
          Lair |  12.0 |  12.2 |   7.7 |   N/A |  24.8 | 4908.7
     Labyrinth |   0.2 |   0.2 |   0.0 |   N/A |   2.0 | 1215.0
        Bailey |   5.2 |   5.5 |   0.0 |   N/A |   1.2 | 700.0
               +-------+-------+-------+-------+-------+----------------------

Skill      XL: |  1  2  3  4  5  6  7  8  9 10 11 12 13 |
---------------+----------------------------------------+-----
Axes           | 4 5 6 8 9 10 12 13 14 | 14.1
Armour         | 3 4 5 6 7 8 10 11 12 13 | 13.9
Fighting       | 4 5 6 7 9 10 12 13 14 | 14.0
Dodging        | 3 4 5 6 8 9 10 11 12 | 12.8
Evocations     | 2 4 5 |  5.0

Action                   |  1- 3 |  4- 6 |  7- 9 | 10-12 | 13-15 || total
-------------------------+-------+-------+-------+-------+-------++-------
Melee: Hand axe          |    80 |    62 |       |       |       ||   142
       Headbutt          |    14 |    16 |    52 |    71 |    45 ||   198
       Trident           |       |    36 |    28 |       |       ||    64
       War axe           |       |       |    26 |       |       ||    26
       Battleaxe         |       |       |   138 |   452 |   153 ||   743
Throw: Javelin           |       |       |       |     1 |       ||     1
Invok: Berserk           |     1 |     2 |     8 |    16 |     7 ||    34
       Trog's Hand       |       |       |     2 |     7 |     6 ||    15
       Brothers in Arms  |       |       |       |     5 |     4 ||     9
Evoke: Wand              |       |       |       |       |     1 ||     1
  Use: Scroll            |     7 |     1 |    11 |     7 |     7 ||    33
       Potion            |       |       |       |     7 |     7 ||    14
 Stab: Distracted        |       |     1 |       |       |       ||     1
  Eat: Chunk             |     1 |     8 |    18 |    27 |    11 ||    65
       Ration            |       |       |     1 |     6 |     2 ||     9
Armor: Ring mail         |    38 |    29 |    32 |       |       ||    99
       Plate armour      |       |       |    30 |   274 |   161 ||   465
Dodge: Dodged            |    58 |    54 |   150 |   366 |   132 ||   760

Vanquished Creatures
  Rupert (D:15)
  A minotaur (Lab)
  Snorg (Lair:3)
  2 vault guards (D:14)
  A hydra (D:14)
  A catoblepas (D:14)
  A death knight (D:13)
  4 two-headed ogres
  2 centaur warriors
  A wizard (D:14)
  A deep elf mage (D:14)
  An ugly thing (D:12)
  2 manticores
  4 centaur zombies
  3 cyclopes
  Maurice (D:9)
  A black mamba (Lair:2)
  8 spiny frogs
  Joseph (D:7)
  A yaktaur (D:14)
  2 komodo dragons
  A rime drake (Lair:2)
  An efreet (D:13)
  A troll (D:13)
  A hornet (D:8)
  10 blink frogs (Lair:3)
  7 hippogriffs
  A vampire (D:12)
  A basilisk (Lair:1)
  14 yaks
  2 wraiths
  18 humans (D:14)
  A hungry ghost (D:12)
  2 soldier ants (D:8)
  6 water moccasins
  4 porcupines
  14 orc warriors
  4 sky beasts
  2 black bears
  4 phantoms
  3 ice beasts
  10 centaurs
  3 ogres
  4 wolves (Lair:2)
  6 crocodiles
  A big kobold (D:9)
  11 bullfrogs
  A gnoll sergeant (D:6)
  4 scorpions
  20 killer bees
  13 wights
  3 howler monkeys (D:8)
  3 crimson imps
  2 quasits
  2 hounds
  A bullfrog zombie (D:10)
  4 centaur skeletons
  3 jellies
  9 orc priests
  4 bullfrog skeletons
  10 orc wizards
  4 iguanas
  Terence (D:2)
  9 worker ants
  3 worker ant zombies
  13 gnolls
  2 howler monkey skeletons
  6 adders
  2 shadow imps
  2 adder skeletons
  3 worms
  3 dart slugs
  4 leopard geckos
  45 orcs
  11 bats
  6 giant cockroaches
  16 hobgoblins
  22 jackals
  9 quokkas
  A ball python (D:2)
  4 frilled lizards
  9 goblins
  A jackal skeleton (D:4)
  19 kobolds
  A leopard gecko skeleton (D:9)
  2 quokka skeletons
  9 rats
  4 fungi
462 creatures vanquished.

Vanquished Creatures (collateral kills)
  2 hydras
  A catoblepas (D:13)
  Erica (Lair:2)
  A wizard (D:14)
  A centaur skeleton (D:13)
  An efreet (D:12)
  A rime drake (shapeshifter) (D:15)
  A centaur simulacrum (D:15)
  A human (D:14)
  A water moccasin (D:10)
  A centaur (D:13)
  A big kobold (D:13)
  A bullfrog (D:10)
  A crimson imp (D:15)
  An iguana (D:10)
  2 orc wizards (D:10)
  A worker ant (D:10)
  An orc (D:10)
  3 goblins (D:12)
  3 kobolds (D:13)
26 creatures vanquished.

Vanquished Creatures (others)
  A kobold (D:13)
  3 plants (D:2)
4 creatures vanquished.

Grand Total: 492 creatures vanquished
